 Dungeon Crawl Stone Soup version 0.26-a0-579-g3afe4966bf (webtiles) character file.

Game seed: 7919471445667472595

14887434 thethe the Petrodigitator (level 27, 199/199 HPs)
             Began as a Gargoyle Conjurer on Aug 23, 2020.
             Was the Champion of the Shining One.
             Escaped with the Orb
             ... and 15 runes!
             The game lasted 04:43:08 (106477 turns).

thethe the Petrodigitator (Gargoyle Conjurer)     Turns: 106477, Time: 04:43:09

Health: 199/199    AC: 69    Str: 15    XL:     27
Magic:  63/63      EV: 11    Int: 41    God:    the Shining One [******]
Gold:   13894      SH: 15    Dex:  6    Spells: 9/80 levels left

rFire    + + +     SeeInvis +   G - +3 Elemental Staff {rElec rF++ rC++ MR++ AC+5}
rCold    + + .     Faith    .   p - +3 kite shield of Imperfection {Regen+ rCorr Int+2}
rNeg     + + +     Spirit   .   y - +6 fire dragon scales of the Distant Future {rF++ rC- MR+}
rPois    ∞         Reflect  .   T - +2 helmet "Tyuty" {rCorr Str+4}
rElec    +         Harm     .   P - +2 cloak {rC+}
rCorr    +         Clarity  +   N - +3 pair of gauntlets of War {Slay+5}
MR       +++++                  R - +0 pair of boots "Egobruam" {rN+ Regen+ rCorr Int+3} (curse)
Stlth    ..........             M - amulet of magic regeneration
HPRegen  1.23/turn              x - ring of Wogaryt {rElec rPois MR++ Str-2 Int+6}
MPRegen  0.63/turn              t - ring of magical power

@: flying, glowing
A: big wings, hooves 1, thin metallic scales 1, yellow scales 1, see invisible,
clarity, clumsy 1, negative energy resistance 1, electricity resistance,
unbreathing, petrification resistance, rot immunity, AC +20
0: Orb of Zot
}: 15/15 runes: decaying, serpentine, slimy, silver, golden, iron, obsidian,
icy, bone, abyssal, demonic, glowing, magical, fiery, dark
a: Stop Flying, Divine Shield, Cleansing Flame, Summon Divine Warrior, Brand
Weapon With Holy Wrath, Renounce Religion


You escaped.
You worshipped the Shining One.
The Shining One was exalted by your worship.
You visited 18 branches of the dungeon, and saw 89 of its levels.
You visited Pandemonium 1 time, and saw 20 of its levels.
You visited the Abyss 2 times.
You also visited: Trove, Ice Cave and Wizlab.

You collected 16887 gold pieces.
You spent 2993 gold pieces at shops.

Inventory:

Hand Weapons
 l - the +9 lance "Wyrmbane" {slay drac, rPois rF+ rC+ AC+3}
   (You found it on level 3 of the Elven Halls)

   It affects your AC (+3).
   It protects you from fire.
   It protects you from cold.
   It protects you from poison.
 F - the +9 mace of Demand {drain, MR++}
   (You found it on level 5 of the Vaults)

   A truly terrible weapon, it drains the life of those it strikes.
   It affects your resistance to hostile enchantments.
   The Shining One disapproves of the use of such an item.
 G - the +3 Elemental Staff (weapon) {rElec rF++ rC++ MR++ AC+5}
   (You found it on level 7 of Tartarus)

   It affects your AC (+5).
   It greatly protects you from fire.
   It greatly protects you from cold.
   It insulates you from electricity.
   It affects your resistance to hostile enchantments.
 K - the +9 hand crossbow "Kutup" {freeze, rN+ Str+2}
   (You found it on level 5 of the Vaults)

   It causes projectiles fired from it to freeze those they strike, causing
   extra injury to most foes and up to half again as much damage against
   particularly susceptible opponents.
   They can also slow down cold-blooded creatures.
   It affects your strength (+2).
   It protects you from negative energy.
Missiles
 i - 2217 bolts
 Q - 7 throwing nets (quivered)
Armour
 d - +0 pearl dragon scales
 p - the +3 kite shield of Imperfection (worn) {Regen+ rCorr Int+2}
   (You found it on level 7 of Tartarus)

   It affects your intelligence (+2).
   It increases your rate of regeneration.
   It provides partial protection from all sources of acid and corrosion.
 q - the +8 tower shield "Hetent" {rC+ Int-4 SInv}
   (You took it off a daeva in Pandemonium)

   It affects your intelligence (-4).
   It protects you from cold.
   It lets you see invisible.
 w - a +5 kite shield of resistance
 y - the +6 fire dragon scales of the Distant Future (worn) {rF++ rC- MR+}
   (You found it on level 7 of Tartarus)

   It greatly protects you from fire.
   It makes you vulnerable to cold.
   It affects your resistance to hostile enchantments.
 N - the +3 pair of gauntlets of War (worn) {Slay+5}
   (You found it in an ice cave)

   It affects your accuracy and damage with ranged weapons and melee attacks
   (+5).
 P - a +2 cloak of cold resistance (worn)
 R - the cursed +0 pair of boots "Egobruam" (worn) {rN+ Regen+ rCorr Int+3}
   (You found it in Pandemonium)

   It affects your intelligence (+3).
   It protects you from negative energy.
   It increases your rate of regeneration.
   It provides partial protection from all sources of acid and corrosion.
   It has a curse placed upon it.
 T - the +2 helmet "Tyuty" (worn) {rCorr Str+4}
   (You bought it in a shop on level 2 of the Vaults)

   It affects your strength (+4).
   It provides partial protection from all sources of acid and corrosion.
 V - the +0 ring mail of Lies {rElec Int+5 SInv}
   (You found it on level 2 of the Lair of Beasts)

   It affects your intelligence (+5).
   It insulates you from electricity.
   It lets you see invisible.
 W - the +2 leather armour of Gluttony {+Fly rPois rF+ rN+, unknown}
   (You found it in Pandemonium)

   It protects you from fire.
   It protects you from poison.
   It protects you from negative energy.
   It lets you fly.
Magical Staves
 j - an uncursed staff of conjuration
 Z - an uncursed staff of earth
Jewellery
 c - the amulet of Fix Rit {*Drain rF++ Regen+ Int+5}
   (You acquired it on level 1 of the Lair of Beasts)

   [amulet of regeneration]

   It affects your intelligence (+5).
   It greatly protects you from fire.
   It increases your rate of regeneration.
   It causes draining when unequipped.
 t - a ring of magical power (right hand)
 x - the ring of Wogaryt (left hand) {rElec rPois MR++ Str-2 Int+6}
   (You took it off a cherub in Pandemonium)

   [ring of intelligence]

   It affects your strength (-2).
   It affects your intelligence (+6).
   It insulates you from electricity.
   It protects you from poison.
   It affects your resistance to hostile enchantments.
 M - an amulet of magic regeneration (around neck)
Wands
 a - a wand of paralysis (40)
 m - a wand of digging (48)
 u - a wand of acid (55)
 O - a wand of iceblast (58)
Scrolls
 g - 8 scrolls of amnesia
 k - 39 scrolls of remove curse
 o - 15 scrolls of fog
 r - 7 scrolls of summoning
 v - 34 scrolls of teleportation
 z - 7 scrolls of blinking
 A - 3 scrolls of holy word
 C - 3 scrolls of magic mapping
 X - 4 scrolls of identify
Potions
 b - 24 potions of heal wounds
 e - 22 potions of mutation
 h - 5 potions of resistance
 n - 31 potions of curing
 s - 3 potions of haste
 B - 6 potions of brilliance
 D - 4 potions of cancellation
 J - 4 potions of magic
 Y - 15 potions of ambrosia
Miscellaneous
 f - the horn of Geryon
 E - a tin of tremorstones (3/3)
 H - a phantom mirror
 I - a figurine of a ziggurat
 L - a lightning rod (4/4)
 S - a box of beasts (3/3)
 U - a phial of floods


   Skills:
 O Level 27 Fighting
 - Level 12.0 Staves
 O Level 27 Armour
 + Level 5.0 Dodging
 - Level 2.1 Stealth
 - Level 15.0 Shields
 O Level 27 Spellcasting
 - Level 15.0 Conjurations
   Level 4.0 Hexes
 - Level 1.0 Translocations
 - Level 3.0 Transmutations
 - Level 16.0 Fire Magic
 O Level 27 Ice Magic
 O Level 27 Earth Magic
 - Level 10.0 Invocations
 + Level 23.0 Evocations


You had 9 spell levels left.
You knew the following spells:

 Your Spells              Type           Power        Failure   Level
a - Ozocubu's Refrigerat  Ice            #########.   0%          6
b - Ozocubu's Armour      Ice            ########     0%          3
c - Passage of Golubria   Tloc           N/A          3%          4
d - Blink                 Tloc           N/A          1%          2
e - Ignition              Fire           ########..   5%          8
f - Mephitic Cloud        Conj/Pois/Air  #######.     1%          3
g - Lee's Rapid Deconstr  Erth           #########.   0%          5
h - Lehudib's Crystal Sp  Conj/Erth      ########..   1%          8
i - Irradiate             Conj/Tmut      #######...   1%          5
j - Iron Shot             Conj/Erth      ########..   0%          6
k - Apportation           Tloc           ######       1%          1
l - Shatter               Erth           #########.   1%          9
m - Swiftness             Air            ######..     1%          2
n - Absolute Zero         Ice            #########.   1%          9

Your spell library contained the following spells:

 Spells                   Type           Power        Failure   Level
 Foxfire                  Conj/Fire      ####         0%          1
 Freeze                   Ice            ####         0%          1
 Magic Dart               Conj           ####         0%          1
 Sandblast                Erth           ######       0%          1
 Ensorcelled Hibernation  Hex/Ice        ######       0%          2
 Passwall                 Tmut/Erth      ########     0%          2
 Searing Ray              Conj           ######       0%          2
 Conjure Flame            Conj/Fire      ########     0%          3
 Frozen Ramparts          Ice            ######       0%          3
 Stone Arrow              Conj/Erth      ######       0%          3
 Hailstorm                Conj/Ice       ########     0%          4
 Ice Form                 Ice/Tmut       ########     0%          4
 Leda's Liquefaction      Hex/Erth       ########..   0%          4
 Petrify                  Tmut/Erth      ########     0%          4
 Sticky Flame             Conj/Fire      ########     0%          4
 Bolt of Magma            Conj/Fire/Erth #########.   0%          5
 Animate Skeleton         Necr           ######       1%          1
 Beastly Appendage        Tmut           ######       1%          1
 Corona                   Hex            ######.      1%          1
 Pain                     Necr           ####         1%          1
 Sting                    Tmut/Pois      ####         1%          1
 Summon Small Mammal      Summ           ####         1%          1
 Call Imp                 Summ           ######..     1%          2
 Corpse Rot               Necr/Air       N/A          1%          2
 Poisonous Vapours        Pois/Air       ######       1%          2
 Slow                     Hex            ######..     1%          2
 Wereblood                Tmut           ######..     1%          2
 Call Canine Familiar     Summ           ######..     1%          3
 Confusing Touch          Hex            ######..     1%          3
 Dazzling Flash           Conj/Hex       ######       1%          3
 Gell's Gravitas          Tloc           ######....   1%          3
 Ignite Poison            Fire/Tmut/Pois ########     1%          3
 Inner Flame              Hex/Fire       ########     1%          3
 Lesser Beckoning         Tloc           ######....   1%          3
 Portal Projectile        Hex/Tloc       ######       1%          3
 Spider Form              Tmut/Pois      ######....   1%          3
 Static Discharge         Conj/Air       ########     1%          3
 Summon Guardian Golem    Hex/Summ       ######..     1%          3
 Teleport Other           Tloc           ######..     1%          3
 Vampiric Draining        Necr           ######....   1%          3
 Cause Fear               Hex            ######....   1%          4
 Fulminant Prism          Conj/Hex       #######...   1%          4
 Iskenderun's Mystic Bla  Conj/Tloc      #######.     1%          4
 Summon Ice Beast         Ice/Summ       ########     1%          4
 Borgnjor's Vile Clutch   Necr/Erth      ########..   1%          5
 Fireball                 Conj/Fire      ########..   1%          5
 Iskenderun's Battlesphe  Conj           ########     1%          5
 Lightning Bolt           Conj/Air       ########..   1%          5
 Metabolic Englaciation   Hex/Ice        ########..   1%          5
 Freezing Cloud           Conj/Ice/Air   #########.   1%          6
 Simulacrum               Ice/Necr       ########..   1%          6
 Starburst                Conj/Fire      ########..   1%          6
 Orb of Destruction       Conj           ########..   1%          7
 Yara's Violent Unravell  Hex/Tmut       ######....   3%          5
 Blade Hands              Tmut           ######....   4%          5
 Conjure Ball Lightning   Conj/Air       ########..   4%          6
 Animate Dead             Necr           ######....   5%          4
 Dispel Undead            Necr           ######..     5%          4
 Olgreb's Toxic Radiance  Pois           ######..     5%          4
 Summon Lightning Spire   Summ/Air       ######..     5%          4
 Silence                  Hex/Air        #######...   7%          5
 Summon Mana Viper        Hex/Summ       ######..     7%          5
 Alistair's Intoxication  Tmut/Pois      ######...    9%          5
 Summon Forest            Summ/Tloc      ######....   13%         5
 Excruciating Wounds      Necr           ######....   16%         5
 Summon Demon             Summ           ######....   16%         5
 Invisibility             Hex            ######..     17%         6
 Spellforged Servitor     Conj/Summ      #######...   22%         7
 Hydra Form               Tmut           ######....   26%         6
 Eringya's Noxious Bog    Tmut/Pois      ######....   43%         6
 Dispersal                Tloc           ######....   50%         6
 Death Channel            Necr           ######....   65%         6
 Shadow Creatures         Summ           N/A          65%         6
 Dragon Form              Tmut           ######....   80%         7
 Haunt                    Necr/Summ      ######....   99%         7
 Summon Hydra             Summ           ######....   99%         7
 Borgnjor's Revivificati  Necr           ######....   100%        8
 Discord                  Hex            ######....   100%        8
 Disjunction              Tloc           ######....   100%        8
 Infestation              Necr           ######....   100%        8
 Necromutation            Tmut/Necr      ######....   100%        8
 Death's Door             Necr           ######....   100%        9
 Dragon's Call            Summ           ######....   100%        9
 Tornado                  Air            ######....   100%        9
 Sublimation of Blood     Necr           Unusable     N/A         2
 Statue Form              Tmut/Erth      Unusable     N/A         6

Dungeon Overview and Level Annotations

Branches:
Dungeon (15/15)            Temple (1/1) D:5            Lair (6/6) D:10
  Swamp (4/4) Lair:2        Snake (4/4) Lair:4        Slime (5/5) Lair:5
    Orc (2/2) D:9             Elf (3/3) Orc:2        Vaults (5/5) D:13
  Crypt (3/3) Vaults:3       Tomb (3/3) Crypt:3      Depths (5/5) D:15
   Hell (visited)             Dis (7/7) Hell            Geh (7/7) Hell
    Coc (7/7) Hell            Tar (7/7) Hell            Zot (5/5) Depths:5
  IceCv (visited)          WizLab (visited)

Altars:
Ashenzari
Cheibriados
Dithmenos
Elyvilon
Fedhas
Gozag
Hepliaklqana
Kikubaaqudgha
Makhleb
Nemelex Xobeh
Okawaru
Qazlal
Ru
Sif Muna
Trog
Uskayaw
Vehumet
Wu Jian
Xom
Yredelemnul
Zin
The Shining One
Jiyva
Lugonu

Shops:
D:7 ?   D:10 ?   Orc:2 !(![   Elf:3 *   Snake:1 :   Vaults:2 [   Vaults:3 *
Vaults:5 :

Portals:
Hell: Depths:1 Depths:2 Depths:3 Depths:4 Depths:5
Abyss: Depths:2 Depths:3 Depths:4 Depths:5
Pandemonium: Depths:2 Depths:3
Ziggurat: Depths:2

Annotations:
D:10 2 runed translucent doors, exclusion: orange crystal statue
Lair:4 exclusion: 4 oklob plants
Lair:5 exclusion: oklob plant
Zot:5 1 exclusion


Innate Abilities, Weirdness & Mutations

You are resistant to torment.
Your stone body is resilient. (AC +20)
You are immune to poison.
Your large and strong wings let you fly indefinitely.
You resist negative energy. (rN+)
You are resistant to electric shocks. (rElec)
You can survive without breathing.
You are immune to petrification.
You are immune to rotting.
You have large cloven feet.
You are partially covered in thin metallic scales. (AC +2)
You are partially covered in yellow scales. (AC +2)
You have supernaturally acute eyesight. (SInv)
You possess an exceptional clarity of mind.
You are clumsy. (Dex -2)


Message History

You continue taking off the +0 ring mail of Lies {rElec Int+5 SInv}. x4
You finish taking off the +0 ring mail of Lies {rElec Int+5 SInv}.
You start putting on your armour.
You continue putting on the +6 fire dragon scales of the Distant Future {rF++ rC- MR+}. x5
You finish putting on the +6 fire dragon scales of the Distant Future {rF++ rC- MR+}.
(D) Dungeon (T) Temple (L) Lair (S) Swamp (P) Snake Pit (M) Slime Pits (O) Orcish Mines (E) Elven Halls (V) Vaults (C) Crypt (W) Tomb (U) Depths (H) Hell (I) Dis (G) Gehenna (X) Cocytus (Y) Tartarus (Z) Zot
Where to? (Enter - D:1 @ (x,y), ? - help)
There is a stone staircase leading up here.
Magic restored.
You fly upwards.
There is a stone staircase leading down here.
You see here a +0 dagger.
You see here a +0 club.
There is an open door here.
There is a staircase leading out of the dungeon here.
You have escaped!

........##..)....####........####
........#.........# ###...#......
........#.........# ##...##.).##
.....>......####### ##.....###.##
......).....#########....#..##...
...........).'.....##............
..........).##..#..##.#..#####...
......##'#####..#..##.#..# ##..
......#.....##..@..##.#.## #..
......#..8..##.....##...# ###..
......#.....##########.## ##....
#.....###############...# ##.....
#####...#...>...........###..#...
.......####.............##..##...
######..# ###...........##.###...
##.####....#.......†.[######
#......#.#####.####.....#


There were no monsters in sight!

Vanquished Creatures
  Cerebov (Pan)
  Antaeus (Coc:7)
  the Royal Jelly (Slime:5)
  Asmodeus (Geh:7)
  Ereshkigal (Tar:7)
  Gloorx Vloq (Pan)
  A seraph (Pan)
  Mnoleg (Pan)
  Lom Lobon (Pan)
  Dispater (Dis:7)
  5 orbs of fire
  Mara (Depths:2)
  8 ancient liches
  2 juggernauts
  35 greater mummies
  Sojobo (Vaults:5)
  9 pandemonium lords
  7 Killer Klowns (Zot:5)
  Boris (4 times) (Depths:2 Depths:3 Depths:5 Crypt:1)
  Margery (Depths:3)
  Frederick (Vaults:5)
  5 shard shrikes
  5 caustic shrikes
  Vashnia (Snake:2)
  Bai Suzhen (Depths:3)
  A curse toe (Zot:2)
  Geryon (Hell)
  6 bone dragons
  Jory (Tomb:1)
  A mutant beast (WizLab)
  13 golden dragons
  Nikola (Swamp:1)
  A pearl dragon (Pan)
  11 Brimstone Fiends
  8 doom hounds
  8 liches
  A hellephant (Abyss:3)
  2 electric golems (Zot:5)
  4 iron giants (Dis:7)
  The ghost of Uviano the Wrestler, a veteran VSFi of Gozag (Depths:3)
  24 Tzitzimimeh
  9 Hell Sentinels
  30 Orb Guardians
  26 tentacled monstrosities
  21 Ice Fiends
  Rupert (D:13)
  2 deep elf master archers (Elf:3)
  3 deep elf blademasters (Elf:3)
  9 titans
  5 quicksilver dragons
  14 acid blobs
  Murray (Hell)
  8 death cobs
  17 Executioners
  14 sphinxes
  24 ancient champions
  2 tentacled starspawn (Abyss:4)
  Gastronok (D:11)
  Kirke (Snake:4)
  18 storm dragons
  The ghost of drasked the Severer, an adept MiBe of Trog (Snake:3)
  11 tengu reavers
  A thorn hunter (Swamp:3)
  6 draconian monks
  11 nagarajas
  12 shadow dragons
  23 fire giants
  4 revenants
  18 daevas
  2 draconian knights
  Donald (Swamp:1)
  9 frost giants
  18 azure jellies
  5 iron dragons
  17 vault wardens
  A ghost moth (Zot:5)
  4 blood saints (Pan)
  7 deep elf sorcerers
  10 draconian scorchers
  2 orc warlords (Vaults:5)
  37 balrugs
  6 curse skulls
  16 cacodemons
  7 warmongers (Pan)
  8 deep elf elementalists
  Louise (Swamp:2)
  23 angels (Pan)
  4 draconian shifters (Zot:1)
  8 spriggan defenders
  5 ghouls
  39 very ugly things
  16 war gargoyles
  4 draconian stormcallers
  10 ophanim (Pan)
  13 ironheart preservers
  9 draconian annihilators
  61 reapers
  3 entropy weavers (Vaults:3)
  2 elemental wellsprings (Coc:7)
  14 apis (Pan)
  13 vampire knights
  5 black draconians
  8 lorocyprocas
  8 bennus
  22 stone giants
  3 corrupters (Pan)
  12 green draconians
  4 deep elf demonologists
  5 black suns
  5 purple draconians
  14 red draconians
  7 spark wasps
  20 deep elf annihilators
  Azrael (Orc:2)
  A minotaur (Depths:4)
  11 yellow draconians
  8 white draconians
  14 green deaths
  7 statues (Depths:2)
  Snorg (Orc:1)
  A crystal guardian (Vaults:4)
  11 deep elf death magi
  A merfolk impaler (Depths:4)
  16 blizzard demons
  A merfolk javelineer (Depths:4)
  5 death oozes (Slime:5)
  15 ettins
  16 eidola
  8 quicksilver dragon zombies
  6 jiangshi
  27 mummy priests
  20 fire dragons
  14 yaktaur captains
  25 small abominations
  4 deep elf high priests
  A kraken zombie (Hell)
  Harold (D:10)
  15 hydras
  17 great orbs of eyes
  6 quicksilver dragon skeletons
  4 monstrous demonspawn
  27 vault guards
  23 naga warriors
  27 ice dragons
  4 rakshasas
  3 ghost crabs
  A hell beast (Pan)
  A hydra (shapeshifter) (WizLab)
  9 spriggan air magi
  14 anacondas
  10 death knights
  4 shambling mangroves
  A merfolk avatar (Abyss:4)
  13 centaur warriors
  11 ogre magi
  6 deep troll shamans
  45 two-headed ogres
  An alligator (shapeshifter) (D:15)
  9 alligators
  8 deep troll earth magi
  37 dancing weapons
  A queen ant (shapeshifter) (Vaults:4)
  6 vampire magi
  9 tengu warriors
  6 titan zombies
  4 orc high priests
  57 death scarabs (Tomb:2)
  3 thrashing horrors (Abyss:2)
  8 spriggan berserkers
  20 naga sharpshooters
  6 shock serpents
  3 iron trolls
  41 hell hogs
  52 soul eaters
  7 titan skeletons
  20 deep elf knights
  33 shadow wraiths
  52 sun demons
  26 sixfirhies
  7 wretched stars
  65 hell knights
  A death drake (shapeshifter) (WizLab)
  4 iron golems
  6 storm dragon zombies
  A fire crab (Swamp:4)
  108 skeletal warriors
  Nergalle (D:11)
  2 fire crabs (shapeshifter)
  13 flayed ghosts
  A sea snake (shapeshifter) (Depths:3)
  2 golden dragon zombies
  9 cherubim (Pan)
  7 torturous demonspawn (Pan)
  2 death drakes
  26 deep trolls
  8 storm dragon skeletons
  19 starcursed masses
  5 unseen horrors
  11 deep elf archers
  3 infernal demonspawn (Pan)
  A salamander mystic (Snake:3)
  13 wizards
  7 gelid demonspawn
  A kraken simulacrum (Hell)
  2 glowing orange brains (shapeshifter) (WizLab)
  3 spriggan druids
  3 glowing orange brains
  A lindwurm (Swamp:4)
  9 naga ritualists
  4 shadow dragon zombies
  3 ghost moth zombies
  4 golden dragon skeletons
  7 anaconda zombies
  20 shadow demons
  24 phantasmal warriors
  9 swamp dragons
  A mana viper (shapeshifter) (WizLab)
  17 orc knights
  5 harpies (Vaults:1)
  8 anaconda skeletons
  7 iron dragon zombies
  39 necromancers
  7 wolf spider zombies
  10 mana vipers
  5 orc sorcerers
  75 deep elf magi
  5 shadow dragon skeletons
  6 fire giant zombies
  11 cyclopes
  3 oklob plants
  14 ironbrand convokers
  6 wolf spiders
  2 manticores
  2 fauns (shapeshifter)
  88 ugly things
  5 stone giant zombies
  A tengu skeleton (Vaults:3)
  16 salamanders
  2 wolf spiders (shapeshifter)
  7 shining eyes
  Maurice (D:11)
  A sphinx skeleton (Vaults:1)
  A worldbinder (Abyss:2)
  5 draconians (Zot:1)
  15 vault sentinels
  2 iron dragon skeletons
  22 moths of wrath
  21 naga magi
  A shock serpent zombie (Hell)
  5 guardian serpents
  54 black mambas
  9 stone giant skeletons
  3 apocalypse crabs
  2 titan simulacra (Coc:7)
  3 ice statues
  4 frost giant skeletons
  2 molten gargoyles (Geh:7)
  8 fire giant skeletons
  35 rust devils
  Psyche (D:8)
  2 black mambas (shapeshifter)
  7 eyes of devastation
  7 dire elephant zombies
  3 centaur zombies
  17 cane toads
  2 storm dragon simulacra (Coc:7)
  A guardian serpent (shapeshifter) (Depths:2)
  A cane toad (shapeshifter) (Depths:4)
  3 centaur skeletons
  A gargoyle (D:11)
  An elephant slug zombie (Crypt:1)
  34 smoke demons
  16 orange demons
  3 dire elephant skeletons
  3 emperor scorpion zombies
  A catoblepas zombie (Dis:6)
  45 yaktaurs
  A yaktaur (shapeshifter) (WizLab)
  4 human zombies
  A yaktaur zombie (D:15)
  A rime drake (shapeshifter) (Depths:3)
  A kobold demonologist (D:13)
  9 rime drakes
  2 elves (WizLab)
  39 hellions
  40 freezing wraiths
  9 efreet
  3 anaconda simulacra
  7 demonic crawlers (Pan)
  3 catoblepas skeletons
  26 tormentors
  3 komodo dragons
  2 komodo dragons (shapeshifter) (WizLab)
  3 silent spectres
  38 guardian mummies
  46 ice devils
  A yaktaur skeleton (Vaults:1)
  35 red devils
  30 hellwings
  5 polar bears
  14 hydra zombies
  9 tengu conjurers
  3 harpy zombies
  2 meliai (shapeshifter) (WizLab)
  5 jumping spiders (Crypt:3)
  11 trolls
  6 harpy skeletons
  A queen bee (Depths:4)
  A troll (shapeshifter) (WizLab)
  4 ancient zymes
  8 tyrant leeches
  A hornet (shapeshifter) (WizLab)
  A tengu simulacrum (Vaults:4)
  A polar bear (shapeshifter) (WizLab)
  5 raiju (shapeshifter)
  5 ettin zombies
  33 hornets
  5 ice dragon zombies
  7 hydra skeletons
  An alligator zombie (Geh:6)
  10 bog bodies
  91 slime creatures
  2 wind drakes (shapeshifter)
  5 raiju
  6 fire dragon zombies
  3 dream sheep (shapeshifter)
  3 dream sheep (Lair:6)
  7 hippogriffs
  34 large abominations
  2 spriggan zombies
  26 blink frogs
  A black mamba zombie (Crypt:2)
  2 redbacks (Crypt:3)
  2 vampires
  4 fire dragon skeletons
  3 fire giant simulacra
  92 flying skulls
  15 shadows
  3 alligator skeletons
  10 ice dragon skeletons
  A tarantella (Vaults:3)
  2 spriggan skeletons (D:15)
  28 spriggans
  3 air elementals
  A dire elephant simulacrum (Abyss:4)
  Sigmund (D:6)
  11 ynoxinuls
  5 ettin skeletons
  A spriggan (shapeshifter) (Vaults:3)
  3 wyverns
  22 ushabtiu
  40 wraiths
  A yak (shapeshifter) (Vaults:2)
  31 fire elementals
  A hog (shapeshifter) (Vaults:2)
  45 yaks
  3 basilisks
  17 water elementals
  A golden eye (shapeshifter) (WizLab)
  4 humans (WizLab)
  9 neqoxecs
  3 golden eyes
  10 steam dragons
  19 vampire mosquitoes
  Grum (D:8)
  A basilisk (shapeshifter) (WizLab)
  12 chaos spawn
  3 wargs
  20 swamp worms
  2 wargs (shapeshifter) (WizLab)
  10 cane toad zombies
  74 nagas
  A swamp worm (shapeshifter) (WizLab)
  A torturous demonspawn zombie (Dis:1)
  8 insubstantial wisps
  An acid dragon (Vaults:2)
  3 human skeletons
  A faun zombie (Crypt:1)
  7 floating eyes
  An orb spider zombie (Crypt:2)
  13 water moccasins
  6 porcupines
  6 hydra simulacra
  A deep troll skeleton (Crypt:2)
  A faun skeleton (Crypt:2)
  26 hell hounds
  3 sky beasts
  6 black bears
  2 snapping turtle zombies
  38 orc warriors
  6 phantoms
  14 swamp drakes
  5 eyes of draining
  A swamp dragon zombie (Coc:7)
  A black bear (shapeshifter) (WizLab)
  5 cane toad skeletons
  A manticore zombie (Dis:1)
  2 elephant zombies (Lair:4)
  12 ice beasts
  36 ogres
  A wolf (shapeshifter) (Vaults:5)
  2 eyes of draining (shapeshifter) (WizLab)
  An alligator simulacrum (Coc:1)
  A black mamba simulacrum (Coc:1)
  28 centaurs
  30 wolves
  3 manticore skeletons
  A boggart (shapeshifter) (WizLab)
  30 necrophages
  6 snapping turtle skeletons
  An ettin simulacrum (Vaults:2)
  A swamp dragon skeleton (Crypt:3)
  10 boggarts
  A hog zombie (Crypt:1)
  A dream sheep skeleton (Crypt:2)
  15 crocodiles
  Blork the orc (D:6)
  An octopode zombie (Crypt:2)
  A wyvern zombie (D:9)
  A big kobold (shapeshifter) (WizLab)
  2 big kobolds
  11 bullfrogs
  A gnoll sergeant (D:8)
  4 earth elementals
  A cane toad simulacrum (Coc:1)
  A scorpion (shapeshifter) (WizLab)
  8 wyvern skeletons
  2 troll zombies
  34 killer bees
  A scorpion (D:7)
  4 howler monkeys
  80 wights
  4 crimson imps
  A lava snake (Swamp:4)
  2 bullfrog zombies
  3 quasits
  2 hounds (shapeshifter) (WizLab)
  2 jellies
  4 hounds
  21 orc priests
  2 bullfrog skeletons (D:11)
  18 iron imps
  A gnoll shaman (D:8)
  24 orc wizards
  6 iguanas
  5 worker ants
  6 hell rats (Hell)
  A killer bee zombie (D:10)
  2 crocodile zombies (Lair:4)
  A tengu zombie (Crypt:3)
  An ogre skeleton (Geh:1)
  A hound zombie (D:11)
  2 hound skeletons
  44 mummies
  A howler monkey zombie (Crypt:2)
  11 adders
  14 gnolls
  22 shadow imps
  23 white imps
  12 ufetubi
  An adder zombie (D:8)
  2 adder skeletons
  2 worms (D:2)
  6 ball lightnings
  3 dart slugs
  7 leopard geckos
  84 orcs
  6 bats
  A giant cockroach (D:4)
  6 goblins
  6 hobgoblins
  3 quokkas
  2 ball pythons
  A ball python skeleton (D:4)
  A bat (shapeshifter) (WizLab)
  6 frilled lizards
  13 kobolds
  2 orc skeletons
  An orc zombie (Hell)
  A quokka zombie (D:9)
  6 rats
  66 blocks of ice
  A bush (Lair:6)
  9 crawling corpses
  30 fire vortices
  A lurking horror (Abyss:3)
  A starspawn tentacle (Abyss:2)
  2 tentacles (Hell)
  3 withered plants (D:15)
5062 creatures vanquished.

Vanquished Creatures (collateral kills)
  An Ice Fiend (Coc:7)
  A blizzard demon (Coc:7)
  An ice dragon (Coc:7)
  2 skeletal warriors (Coc:7)
  A dire elephant zombie (Coc:7)
  A stone giant skeleton (Coc:7)
  A freezing wraith (Coc:7)
  An ice devil (Coc:7)
9 creatures vanquished.

Vanquished Creatures (others)
  A fire giant (Depths:4)
  A draconian annihilator (Depths:2)
  A deep elf annihilator (Depths:2)
  A hydra (Swamp:4)
  A naga warrior (Snake:4)
  A hell hog (Pan)
  A soul eater (Pan)
  A wizard (Depths:2)
  A deep elf archer (Elf:3)
  A golden dragon zombie (Crypt:3)
  A lindwurm (Swamp:4)
  A swamp dragon (Swamp:4)
  A deep elf mage (Depths:2)
  A smoke demon (Pan)
  A rust devil (Pan)
  An orange demon (Pan)
  2 hellions (Pan)
  2 rime drakes (Lair:3)
  A flying skull (Geh:5)
  A shadow (Swamp:4)
  A water elemental (Coc:7)
  2 neqoxecs (Pan)
  An orc warrior (Elf:3)
  5 swamp drakes (Swamp:4)
  A wight (Tar:1)
  2 white imps (IceCv)
  4 ufetubi (IceCv)
  A ball lightning (Crypt:3)
  196 blocks of ice
  A fire vortex (Crypt:3)
  64 fulminant prisms
  27 fungi
  A lurking horror (Abyss:3)
  33 plants
  7 starspawn tentacles
  7 tentacles (Hell)
  52 withered plants
427 creatures vanquished.

Grand Total: 5498 creatures vanquished

Notes
Turn   | Place    | Note
-------+----------+-------------------------------------------
     0 | D:1      | thethe the Gargoyle Conjurer began the quest for the Orb.
     0 | D:1      | Reached XP level 1. HP: 10/10 MP: 3/3
   258 | D:1      | Reached XP level 2. HP: 15/15 MP: 1/5
   262 | D:1      | Learned a level 2 spell: Searing Ray
   689 | D:1      | Reached skill level 5 in Conjurations
   990 | D:2      | Reached XP level 3. HP: 19/19 MP: 2/6
  1425 | D:2      | Reached XP level 4. HP: 24/24 MP: 0/8
  1729 | D:2      | Learned a level 4 spell: Fulminant Prism
  2193 | D:3      | Reached XP level 5. HP: 28/28 MP: 6/9
  2475 | D:3      | Learned a level 2 spell: Blink
  2542 | D:3      | Found a faded altar of an unknown god.
  2836 | D:3      | Reached skill level 1 in Hexes
  3190 | D:4      | Reached XP level 6. HP: 32/32 MP: 7/10
  3239 | D:4      | Reached skill level 1 in Translocations
  3605 | D:4      | Found a shattered altar of Ashenzari.
  4028 | D:5      | Entered Level 5 of the Dungeon
  4028 | D:5      | Found a staircase to the Ecumenical Temple.
  4036 | Temple   | Entered the Ecumenical Temple
  4123 | Temple   | Became a worshipper of Vehumet
  4686 | D:5      | Found a hazy altar of Hepliaklqana.
  4701 | D:5      | Got a fine dagger
  4702 | D:5      | Identified the +7 dagger of Kismet {chaos, rF+ Str+4} (You
                  | found it on level 5 of the Dungeon)
  4786 | D:6      | Noticed a water moccasin
  4792 | D:6      | Killed a water moccasin
  4792 | D:6      | Reached skill level 1 in Shields
  4792 | D:6      | Reached XP level 7. HP: 35/36 MP: 5/12
  5069 | D:6      | Noticed Sigmund
  5072 | D:6      | Killed Sigmund
  5159 | D:6      | Found a snail-covered altar of Cheibriados.
  5223 | D:6      | Noticed a vampire
  5349 | D:6      | Reached XP level 8. HP: 41/41 MP: 7/14
  5609 | D:6      | Noticed Blork the orc
  5621 | D:6      | Killed Blork the orc
  5888 | D:6      | Reached * piety under Vehumet
  5888 | D:6      | Offered knowledge of Sandblast by Vehumet.
  5891 | D:6      | Learned a level 1 spell: Sandblast
  6289 | D:7      | Reached skill level 1 in Earth Magic
  6514 | D:7      | Reached skill level 5 in Shields
  6845 | D:7      | Found Orunul's Magic Scroll Shoppe.
  6850 | D:7      | Reached XP level 9. HP: 45/45 MP: 12/16
  6887 | D:7      | Bought a scroll of teleportation for 36 gold pieces
  6887 | D:7      | Bought a scroll of teleportation for 36 gold pieces
  6887 | D:7      | Bought a scroll of fog for 24 gold pieces
  7214 | D:8      | Reached skill level 5 in Spellcasting
  7413 | D:8      | Noticed a hornet
  7512 | D:8      | Noticed Psyche
  7522 | D:8      | Killed Psyche
  7575 | D:8      | Killed a hornet
  7722 | D:8      | Offered knowledge of Foxfire by Vehumet.
  7797 | D:8      | Reached skill level 10 in Conjurations
  7799 | D:8      | Reached ** piety under Vehumet
  7877 | D:8      | Reached XP level 10. HP: 49/50 MP: 7/18
  8061 | D:8      | Learned a level 3 spell: Mephitic Cloud
  8100 | D:8      | Noticed a two-headed ogre
  8194 | D:8      | Noticed Grum
  8422 | D:8      | Killed Grum
  8617 | D:8      | Killed a two-headed ogre
  9080 | D:9      | Offered knowledge of Stone Arrow by Vehumet.
  9087 | D:9      | Learned a level 3 spell: Stone Arrow
  9149 | D:9      | Reached skill level 10 in Shields
  9364 | D:9      | Reached *** piety under Vehumet
  9683 | D:9      | Found a stormy altar of Qazlal.
 10048 | D:9      | Reached skill level 5 in Earth Magic
 10077 | D:9      | Found a glowing golden altar of the Shining One.
 10161 | D:9      | Offered knowledge of Ignite Poison by Vehumet.
 10166 | D:9      | Learned a level 3 spell: Ignite Poison
 10366 | D:9      | Found a staircase to the Orcish Mines.
 10530 | D:10     | Entered Level 10 of the Dungeon
 10751 | D:10     | Reached **** piety under Vehumet
 10751 | D:10     | Reached XP level 11. HP: 53/54 MP: 16/20
 10820 | D:10     | Offered knowledge of Lightning Bolt by Vehumet.
 10925 | D:10     | Found Jayxogh's Magic Scroll Emporium.
 11055 | D:10     | Bought a scroll of magic mapping for 38 gold pieces
 11202 | D:10     | Identified the +9 plate armour of Qomastrae {rPois} (You
                  | found it on level 10 of the Dungeon)
 11232 | D:10     | Noticed Harold
 11310 | D:10     | Noticed a two-headed ogre
 11329 | D:10     | Killed a two-headed ogre
 11593 | D:10     | Reached skill level 1 in Fighting
 11612 | D:10     | Found the +10 tower shield of Ignorance {rN+ Int-4}
 11617 | D:10     | Found a runed translucent door.
 11623 | D:10     | Noticed an orange crystal statue
 11635 | D:10     | Found a runed translucent door.
 11712 | D:10     | Found a staircase to the Lair.
 11759 | D:10     | Killed Harold
 11943 | Lair:1   | Entered Level 1 of the Lair of Beasts
 12062 | Lair:1   | Noticed a seven-headed hydra
 12068 | Lair:1   | Killed a seven-headed hydra
 12068 | Lair:1   | Reached skill level 1 in Armour
 12639 | Lair:1   | Reached ***** piety under Vehumet
 12642 | Lair:1   | Reached XP level 12. HP: 66/66 MP: 16/21
 12669 | Lair:1   | Offered knowledge of Irradiate by Vehumet.
 13272 | Lair:2   | Noticed a seven-headed hydra
 13278 | Lair:2   | Killed a seven-headed hydra
 13446 | Lair:1   | Identified a scroll of acquirement
 13446 | Lair:1   | Acquired the amulet of Fix Rit {*Drain rF++ Regen+ Int+5}
 13628 | Lair:2   | Found a staircase to the Swamp.
 13753 | Lair:2   | Got a spiked ring mail
 14012 | Lair:3   | Got a masterwork broad axe
 14027 | Lair:3   | Reached skill level 5 in Fighting
 14208 | Lair:3   | Identified the +0 ring mail of Lies {rElec Int+5 SInv} (You
                  | found it on level 2 of the Lair of Beasts)
 14334 | Lair:3   | Noticed a six-headed hydra
 14340 | Lair:3   | Killed a six-headed hydra
 14358 | Lair:3   | Learned a level 5 spell: Irradiate
 14589 | Lair:3   | Noticed a five-headed hydra
 14595 | Lair:3   | Killed a five-headed hydra
 14595 | Lair:3   | Reached skill level 5 in Armour
 14595 | Lair:3   | Reached skill level 15 in Shields
 15533 | Lair:4   | Reached XP level 13. HP: 72/72 MP: 22/25
 16334 | Lair:4   | Found a staircase to the Snake Pit.
 17185 | Lair:5   | Identified the cursed +2 broad axe of Articulation
                  | {protect, Dex+2 SInv} (You found it on level 3 of the Lair
                  | of Beasts)
 17328 | Lair:5   | Reached skill level 1 in Transmutations
 17731 | Lair:5   | Found a staircase to the Slime Pits.
 17731 | Lair:5   | Found a viscous altar of Jiyva.
 18212 | Lair:6   | Entered Level 6 of the Lair of Beasts
 18386 | Lair:6   | Offered knowledge of Airstrike by Vehumet.
 19060 | Lair:6   | Reached skill level 10 in Spellcasting
 19085 | Lair:6   | Gained mutation: Your large and strong wings let you fly
                  | indefinitely. [Gargoyle growth]
 19085 | Lair:6   | Reached XP level 14. HP: 72/80 MP: 3/28
 19210 | Lair:6   | Reached skill level 10 in Armour
 19418 | Lair:6   | Offered knowledge of Fireball by Vehumet.
 19431 | Lair:6   | Identified the +4 broad axe "Acabb" {vorpal, Fragile rF+
                  | rN+ Int+5} (You found it on level 6 of the Lair of Beasts)
 19543 | Lair:6   | Identified the ring "Cemm" {rPois rN+ MR+ Str+2 Int-5}
 20277 | Orc:1    | Entered Level 1 of the Orcish Mines
 20278 | Orc:1    | Noticed Snorg
 20290 | Orc:1    | Killed Snorg
 20591 | Orc:2    | Entered Level 2 of the Orcish Mines
 20712 | Orc:2    | Noticed Azrael
 20735 | Orc:2    | Killed Azrael
 21269 | Orc:2    | Paralysed by an orc sorcerer for 4 turns
 21545 | Orc:2    | Offered knowledge of Iron Shot by Vehumet.
 21563 | Orc:2    | Learned a level 6 spell: Iron Shot
 21619 | Orc:2    | Found Duzxeug's Armour Emporium.
 21622 | Orc:2    | Found Kuofiv's Distillery.
 21629 | Orc:2    | Bought a potion of magic for 104 gold pieces
 21629 | Orc:2    | Bought a potion of haste for 130 gold pieces
 21629 | Orc:2    | Found Bebaefre's Weapon Shop.
 21631 | Orc:2    | Found Itzeb's Distillery.
 21639 | Orc:2    | Bought a potion of mutation for 136 gold pieces
 21639 | Orc:2    | Bought a potion of curing for 51 gold pieces
 21639 | Orc:2    | Bought a potion of curing for 51 gold pieces
 21639 | Orc:2    | Bought a potion of mutation for 136 gold pieces
 21639 | Orc:2    | Bought a potion of haste for 170 gold pieces
 21639 | Orc:2    | Bought a potion of curing for 51 gold pieces
 21639 | Orc:2    | Bought a potion of resistance for 170 gold pieces
 21639 | Orc:2    | Bought 2 potions of ambrosia for 272 gold pieces
 21707 | Orc:2    | Found a staircase to the Elven Halls.
 21909 | D:11     | Noticed Gastronok
 21913 | D:11     | Killed Gastronok
 22052 | D:11     | Found a hide-covered altar of Uskayaw.
 22221 | D:11     | Noticed Nergalle
 22232 | D:11     | Killed Nergalle
 22490 | D:11     | Noticed Maurice
 22494 | D:11     | Killed Maurice
 22656 | D:11     | Found a burning altar of Makhleb.
 23264 | D:12     | Reached XP level 15. HP: 92/92 MP: 28/30
 23383 | D:12     | Identified the +8 great sword of Callousness {distort,
                  | rElec Dex+3} (You found it on level 12 of the Dungeon)
 23441 | D:12     | Found a portal to a secret trove of treasure.
 23695 | D:13     | Offered knowledge of Bolt of Magma by Vehumet.
 23882 | D:13     | Reached skill level 10 in Fighting
 24480 | D:13     | Reached skill level 5 in Dodging
 24620 | D:13     | Found a gate to the Vaults.
 25150 | D:14     | Reached skill level 1 in Evocations
 25632 | D:14     | Found a glowing golden altar of the Shining One.
 25675 | D:14     | Noticed Rupert
 25676 | D:14     | Paralysed by Rupert for 5 turns
 25688 | D:13     | Killed Rupert
 25688 | D:13     | Reached skill level 5 in Evocations
 25772 | D:13     | Learned a level 5 spell: Bolt of Magma
 25823 | D:14     | Reached skill level 1 in Fire Magic
 26315 | D:14     | Acquired a +0 kite shield of resistance
 26714 | D:15     | Entered Level 15 of the Dungeon
 27026 | D:15     | Reached skill level 10 in Earth Magic
 27111 | D:15     | Offered knowledge of Starburst by Vehumet.
 27441 | D:15     | Found a staircase to the Depths.
 27760 | D:15     | Found a shadowy altar of Dithmenos.
 27827 | D:15     | Reached skill level 5 in Fire Magic
 27884 | D:15     | Reached XP level 16. HP: 97/97 MP: 19/32
 28263 | Snake:1  | Entered Level 1 of the Snake Pit
 28404 | Snake:1  | You fall into a shaft and drop 1 floor!
 28782 | Snake:2  | Learned a level 5 spell: Lee's Rapid Deconstruction
 29401 | Snake:1  | Found Ympun's Book Shoppe.
 29406 | Snake:1  | Bought a book of the Tempests for 910 gold pieces
 29766 | Snake:2  | Noticed a nagaraja
 29768 | Snake:2  | Killed a nagaraja
 30738 | Snake:2  | Noticed Vashnia
 30741 | Snake:2  | Offered knowledge of Conjure Ball Lightning by Vehumet.
 30741 | Snake:2  | Reached skill level 15 in Earth Magic
 31039 | Snake:2  | Killed Vashnia
 31895 | Snake:2  | Acquired an uncursed staff of conjuration
 32407 | Snake:3  | Noticed a nagaraja
 32415 | Snake:3  | Killed a nagaraja
 32415 | Snake:3  | Reached XP level 17. HP: 95/102 MP: 17/33
 33848 | Snake:3  | Found a runed translucent gate.
 33848 | Snake:3  | Found a runed translucent gate.
 33850 | Snake:3  | Noticed drasked's ghost (adept MiBe)
 33853 | Snake:3  | Found a runed translucent gate.
 33860 | Snake:3  | Killed drasked's ghost
 34961 | Snake:4  | Entered Level 4 of the Snake Pit
 34979 | Snake:4  | Noticed Kirke
 35140 | Snake:4  | Killed Kirke
 35746 | Snake:4  | Reached ****** piety under Vehumet
 36376 | Snake:4  | Found a runed translucent door.
 37004 | Snake:3  | Offered knowledge of Lehudib's Crystal Spear by Vehumet.
 37004 | Snake:3  | Offered knowledge of Chain Lightning by Vehumet.
 37004 | Snake:3  | Offered knowledge of Absolute Zero by Vehumet.
 37678 | Snake:4  | Reached XP level 18. HP: 107/107 MP: 16/36
 39732 | Snake:4  | Got a serpentine rune of Zot
 40011 | Snake:4  | Reached skill level 15 in Spellcasting
 40714 | Swamp:1  | Entered Level 1 of the Swamp
 40985 | Swamp:1  | Noticed Donald
 40989 | Swamp:1  | Found a frozen archway.
 41002 | IceCv    | Entered an ice cave
 41240 | IceCv    | Found the +3 pair of gauntlets of War {Slay+5}
 41509 | IceCv    | Noticed an Ice Fiend
 41625 | IceCv    | Noticed an Ice Fiend
 41629 | IceCv    | Killed an Ice Fiend
 41632 | IceCv    | Killed an Ice Fiend
 41949 | Swamp:1  | Killed Donald
 41979 | Swamp:1  | Noticed Nikola
 42265 | Swamp:1  | Learned a level 9 spell: Shatter
 42377 | Swamp:1  | Killed Nikola
 42377 | Swamp:1  | Reached XP level 19. HP: 92/112 MP: 1/38
 43423 | Swamp:2  | Noticed Louise
 43554 | Swamp:2  | Killed Louise
 44474 | Swamp:3  | Noticed a tentacled monstrosity
 44479 | Swamp:3  | Killed a tentacled monstrosity
 45578 | Swamp:4  | Entered Level 4 of the Swamp
 46720 | Swamp:4  | Identified the cursed +1 ring mail of Complete Protection
                  | {*Contam Rampage Str+8} (You found it on level 4 of the
                  | Swamp)
 46909 | Swamp:4  | Identified the Compendium of Dislocation and Cold
 47446 | Swamp:4  | Got a decaying rune of Zot
 47698 | Vaults:1 | Entered Level 1 of the Vaults
 49016 | Vaults:1 | Reached XP level 20. HP: 117/117 MP: 26/40
 51463 | Vaults:2 | Found Kunuaps's Armour Boutique.
 51468 | Vaults:2 | Bought the +2 helmet "Tyuty" {rCorr Str+4} for 603 gold
                  | pieces
 51542 | Vaults:2 | Identified the cursed +0 helmet of Misanthropy {Int-2
                  | Dex+5} (You found it on level 2 of the Vaults)
 52150 | Vaults:3 | Reached XP level 21. HP: 122/122 MP: 11/42
 52947 | Vaults:3 | Found Caer's General Store.
 52951 | Vaults:3 | Bought a potion of heal wounds for 75 gold pieces
 53694 | Vaults:3 | Found a staircase to the Crypt.
 54563 | Vaults:4 | Identified the +5 spear of Intuition {vorpal, +Inv MR+
                  | Dex+4} (You found it on level 4 of the Vaults)
 55799 | Vaults:4 | Reached XP level 22. HP: 127/127 MP: 26/44
 56453 | Vaults:5 | Entered Level 5 of the Vaults
 56453 | Vaults:5 | Noticed an ancient lich
 56453 | Vaults:5 | Noticed Frederick
 56456 | Vaults:5 | Killed Frederick
 56456 | Vaults:5 | Killed an ancient lich
 57376 | Vaults:5 | Noticed a golden dragon
 57378 | Vaults:5 | Reached XP level 23. HP: 132/132 MP: 22/46
 57385 | Vaults:5 | Killed a golden dragon
 57538 | Vaults:5 | Identified the ring "Cyanuigu" {rElec Stlth+}
 58779 | Vaults:5 | Identified the +9 mace of Demand {drain, MR++} (You found
                  | it on level 5 of the Vaults)
 58828 | Vaults:5 | Reached skill level 10 in Evocations
 59051 | Vaults:5 | Found Agef's Book Boutique.
 59060 | Vaults:5 | Identified the +9 hand crossbow "Kutup" {freeze, rN+ Str+2}
                  | (You found it on level 5 of the Vaults)
 59142 | Vaults:5 | Noticed Sojobo
 59145 | Vaults:5 | Killed Sojobo
 59468 | Vaults:5 | Identified the +0 ring mail "Jiupsod" {Str+4 Dex+4} (You
                  | found it on level 5 of the Vaults)
 59883 | Vaults:5 | Found the cursed +14 obsidian axe {vorpal, +Fly SInv
                  | *Curse}
 59893 | Vaults:5 | Got a silver rune of Zot
 60262 | Depths:1 | Entered Level 1 of the Depths
 60972 | Depths:1 | Found a gateway to Hell.
 61552 | Depths:2 | Found a gateway to a ziggurat.
 61553 | Depths:2 | Reached skill level 27 in Earth Magic
 61992 | Depths:2 | Reached XP level 24. HP: 92/137 MP: 21/47
 61997 | Depths:2 | Noticed Mara
 62001 | Depths:2 | Killed Mara
 62176 | Depths:2 | Found a one-way gate leading to the halls of Pandemonium.
 62293 | Depths:2 | Acquired the +9 demon blade of Comyizxo {vamp, rElec Str+4}
 62348 | Depths:2 | Found a one-way gate to the infinite horrors of the Abyss.
 62505 | Depths:2 | Noticed Boris
 62507 | Depths:2 | Killed Boris
 62922 | Depths:2 | Found a radiant altar of Vehumet.
 62945 | Depths:2 | Identified the +1 scale mail of Beogh's Vengeance {Str+4}
                  | (You found it on level 2 of the Depths)
 63689 | Depths:3 | Reached skill level 1 in Staves
 63818 | Depths:3 | Noticed Margery
 63989 | Depths:3 | Killed Margery
 64155 | Depths:3 | Noticed Bai Suzhen
 64163 | Depths:3 | Killed Bai Suzhen
 64163 | Depths:3 | Reached skill level 5 in Staves
 64447 | Depths:3 | Learned a level 8 spell: Lehudib's Crystal Spear
 64450 | Depths:3 | Learned a level 2 spell: Swiftness
 64491 | Depths:3 | Noticed a caustic shrike
 64492 | Depths:3 | Noticed a caustic shrike
 64492 | Depths:3 | Noticed a caustic shrike
 64493 | Depths:3 | Noticed a caustic shrike
 64497 | Depths:3 | Killed a caustic shrike
 64498 | Depths:3 | Killed a caustic shrike
 64498 | Depths:3 | Killed a caustic shrike
 64498 | Depths:3 | Killed a caustic shrike
 64631 | Depths:3 | Reached XP level 25. HP: 136/141 MP: 34/47
 64819 | Depths:3 | Reached skill level 10 in Staves
 65555 | Depths:3 | Identified the +7 hand crossbow of Superiority {freeze,
                  | rN+} (You found it on level 3 of the Depths)
 65785 | Depths:3 | Noticed Boris
 65787 | Depths:3 | Killed Boris
 66149 | Depths:3 | Found a large runed translucent door.
 66150 | Depths:3 | Found a large runed translucent door.
 66151 | Depths:3 | Noticed Uviano's ghost (veteran VSFi)
 66316 | Depths:3 | Killed Uviano's ghost
 67628 | Depths:4 | Reached skill level 15 in Evocations
 68257 | Depths:4 | Noticed a juggernaut
 68260 | Depths:4 | Reached XP level 26. HP: 134/147 MP: 9/47
 68271 | Depths:4 | Killed a juggernaut
 68692 | Depths:4 | Acquired 850 gold pieces
 68897 | Depths:4 | Learned a level 9 spell: Absolute Zero
 69034 | Depths:4 | Identified the Catalogue of Dark Ignition
 69577 | Depths:4 | Reached skill level 1 in Ice Magic
 70097 | Depths:5 | Entered Level 5 of the Depths
 70113 | Depths:5 | Noticed Boris
 70115 | Depths:5 | Killed Boris
 70115 | Depths:5 | Reached skill level 15 in Conjurations
 70285 | Depths:5 | Reached skill level 5 in Ice Magic
 70889 | Depths:5 | Found a gate to the Realm of Zot.
 71085 | Depths:5 | Got a crude silver amulet
 71406 | Depths:5 | Learned a level 5 spell: Borgnjor's Vile Clutch
 71416 | Depths:5 | Learned a level 6 spell: Ozocubu's Refrigeration
 71735 | Slime:1  | Entered Level 1 of the Pits of Slime
 71940 | Slime:2  | Paralysed by a floating eye for 4 turns
 72223 | Slime:4  | Gained mutation: You have sharp toenails. [a shining eye]
 72292 | Slime:5  | Entered Level 5 of the Pits of Slime
 72506 | Slime:5  | Gained mutation: Your body sometimes deteriorates upon
                  | taking damage. [a shining eye]
 72768 | Slime:5  | Noticed the Royal Jelly
 72776 | Slime:5  | Killed the Royal Jelly
 72776 | Slime:5  | Reached XP level 27. HP: 145/152 MP: 26/48
 73137 | Slime:5  | Got a translucent lead ring
 73138 | Slime:5  | Identified the amulet of the Four Towns {Faith rF++ Int+6
                  | Dex+2} (You found it on level 5 of the Depths)
 73139 | Slime:5  | Identified the ring "Xorucs" {EV+4 Str+3} (You found it on
                  | level 5 of the Pits of Slime)
 73143 | Slime:5  | Identified the +4 battleaxe of the Realm of Zot {flame,
                  | MP+9 Str+2} (You found it on level 5 of the Pits of Slime)
 73145 | Slime:5  | Got a slimy rune of Zot
 73146 | Slime:5  | Identified Plog's Almanac of Stones and the Glacier
 73175 | Slime:5  | Identified Sif Muna's Almanac of Snow and Stolen Souls
 73191 | Slime:5  | Identified the cursed +0 falchion "No More Talking" {drain,
                  | Str-2 Int+8} (You found it on level 5 of the Pits of Slime)
 73252 | Slime:5  | Identified the Catalogue of Conjuration and Lightness
 73256 | Slime:5  | Identified the cursed +1 ring mail of Darkness {rPois rCorr
                  | Int-5 Slay+6} (You found it on level 5 of the Pits of
                  | Slime)
 73262 | Slime:5  | Acquired the amulet "Faheox" {Acrobat rF+ Int+3}
 73640 | D:12     | You showed the slimy rune of Zot to enter a treasure trove
 73641 | Trove    | Entered a treasure trove
 73747 | D:14     | Fell from the grace of Vehumet
 73747 | D:14     | Became a worshipper of the Shining One
 73877 | Crypt:1  | Entered Level 1 of the Crypt
 73909 | Crypt:1  | Noticed Boris
 73912 | Crypt:1  | Killed Boris
 73912 | Crypt:1  | Reached * piety under the Shining One
 74052 | Crypt:1  | Reached skill level 10 in Ice Magic
 74206 | Crypt:1  | Reached ** piety under the Shining One
 74320 | Crypt:1  | Identified the +1 plate armour of the Furrier {Str+3}
 74486 | Crypt:1  | Reached *** piety under the Shining One
 75118 | Crypt:1  | Reached **** piety under the Shining One
 75694 | Crypt:2  | Reached ***** piety under the Shining One
 75715 | Crypt:2  | Reached skill level 1 in Invocations
 76144 | Crypt:3  | Entered Level 3 of the Crypt
 76275 | Crypt:3  | Noticed an ancient lich
 76278 | Crypt:3  | Killed an ancient lich
 76289 | Crypt:3  | Identified the amulet "Gaklenack" {+Fly rPois Regen+}
 76364 | Crypt:3  | Reached ****** piety under the Shining One
 76595 | Crypt:3  | Reached skill level 5 in Invocations
 76805 | Crypt:3  | Found a staircase to the Tomb.
 77197 | Crypt:3  | Found an ancient bone altar of Kikubaaqudgha.
 77284 | Crypt:3  | Identified the Reference Book on Evil
 77340 | Crypt:3  | Was forgiven by Vehumet
 78102 | Tomb:1   | Entered Level 1 of the Tomb of the Ancients
 78184 | Tomb:1   | Noticed Jory
 78200 | Tomb:1   | Killed Jory
 78434 | Tomb:1   | Noticed a greater mummy
 78444 | Tomb:1   | Noticed a greater mummy
 78447 | Tomb:1   | Noticed a greater mummy
 78448 | Tomb:1   | Noticed a greater mummy
 78448 | Tomb:1   | Noticed a greater mummy
 78448 | Tomb:1   | Noticed a greater mummy
 78449 | Tomb:1   | Noticed a greater mummy
 78450 | Tomb:1   | Killed a greater mummy
 78450 | Tomb:1   | Killed a greater mummy
 78450 | Tomb:1   | Noticed a greater mummy
 78450 | Tomb:1   | Noticed a greater mummy
 78451 | Tomb:1   | Killed a greater mummy
 78451 | Tomb:1   | Killed a greater mummy
 78451 | Tomb:1   | Killed a greater mummy
 78451 | Tomb:1   | Killed a greater mummy
 78451 | Tomb:1   | Noticed a greater mummy
 78451 | Tomb:1   | Noticed a greater mummy
 78453 | Tomb:1   | Noticed a greater mummy
 78454 | Tomb:1   | Killed a greater mummy
 78454 | Tomb:1   | Killed a greater mummy
 78454 | Tomb:1   | Killed a greater mummy
 78454 | Tomb:1   | Noticed a greater mummy
 78455 | Tomb:1   | Killed a greater mummy
 78455 | Tomb:1   | Killed a greater mummy
 78456 | Tomb:1   | Killed a greater mummy
 78456 | Tomb:1   | Reached skill level 10 in Invocations
 78457 | Tomb:1   | Killed a greater mummy
 78457 | Tomb:1   | Noticed a greater mummy
 78461 | Tomb:1   | Noticed a greater mummy
 78463 | Tomb:1   | Noticed a greater mummy
 78789 | Tomb:1   | Killed a greater mummy
 78793 | Tomb:1   | Killed a greater mummy
 78804 | Tomb:1   | Noticed a greater mummy
 78818 | Tomb:1   | Noticed a greater mummy
 78819 | Tomb:1   | Killed a greater mummy
 78823 | Tomb:1   | Killed a greater mummy
 78831 | Tomb:1   | Killed a greater mummy
 78837 | Tomb:1   | Noticed a greater mummy
 78850 | Tomb:1   | Noticed a greater mummy
 79015 | Tomb:1   | Noticed a greater mummy
 79206 | Tomb:1   | Noticed a greater mummy
 79210 | Tomb:1   | Killed a greater mummy
 79322 | Tomb:1   | Killed a greater mummy
 79322 | Tomb:1   | Reached skill level 15 in Ice Magic
 79515 | Tomb:1   | Killed a greater mummy
 79634 | Tomb:1   | Noticed a greater mummy
 79638 | Tomb:1   | Killed a greater mummy
 79656 | Tomb:1   | Noticed a greater mummy
 79663 | Tomb:1   | Killed a greater mummy
 79939 | Tomb:1   | Killed a greater mummy
 80362 | Tomb:2   | Noticed a greater mummy
 80364 | Tomb:2   | Noticed a greater mummy
 80371 | Tomb:2   | Killed a greater mummy
 80371 | Tomb:2   | Killed a greater mummy
 80372 | Tomb:2   | Noticed a greater mummy
 80373 | Tomb:2   | Noticed a greater mummy
 80379 | Tomb:2   | Killed a greater mummy
 80380 | Tomb:2   | Killed a greater mummy
 80899 | Tomb:2   | Identified the +6 chain mail "Ubalamox" {rElec Str+3 Dex+3}
 81035 | Tomb:3   | Entered Level 3 of the Tomb of the Ancients
 81052 | Tomb:3   | Noticed an ancient lich
 81054 | Tomb:3   | Noticed an ancient lich
 81055 | Tomb:3   | Noticed a greater mummy
 81056 | Tomb:3   | Noticed a greater mummy
 81056 | Tomb:3   | Noticed a greater mummy
 81057 | Tomb:3   | Killed an ancient lich
 81058 | Tomb:3   | Killed an ancient lich
 81058 | Tomb:3   | Killed a greater mummy
 81058 | Tomb:3   | Killed a greater mummy
 81058 | Tomb:3   | Noticed a greater mummy
 81059 | Tomb:3   | Killed a greater mummy
 81059 | Tomb:3   | Noticed a greater mummy
 81059 | Tomb:3   | Noticed a greater mummy
 81060 | Tomb:3   | Noticed a greater mummy
 81061 | Tomb:3   | Killed a greater mummy
 81061 | Tomb:3   | Killed a greater mummy
 81062 | Tomb:3   | Killed a greater mummy
 81063 | Tomb:3   | Killed a greater mummy
 81417 | Tomb:3   | Got a golden rune of Zot
 81459 | Tomb:3   | Identified the ring "Acsaef" {+Fly MR- Str+6 Dex+2} (You
                  | found it on level 3 of the Tomb of the Ancients)
 81464 | Tomb:3   | Identified the Catalogue of Venom and Bewitchment
 81466 | Tomb:3   | Identified Nycipt's Catalogue of Greatest Risks and Utility
 81474 | Tomb:3   | Identified the +7 hand crossbow "Trog's Indignation"
                  | {freeze, rElec} (You found it on level 3 of the Tomb of the
                  | Ancients)
 81479 | Tomb:3   | Identified the Catalogue of Black Arts and the Voyage
 81482 | Tomb:3   | Identified the Almanac of Ice
 81484 | Tomb:3   | Identified the Handbook of Noxious Bewitchment
 82180 | Hell     | Entered the Vestibule of Hell
 82181 | Hell     | Noticed Geryon
 82411 | Elf:1    | Entered Level 1 of the Elven Halls
 82667 | Elf:1    | You are sucked into a shaft and drop 1 floor!
 82966 | Elf:2    | Found a runed translucent door.
 82988 | Elf:2    | Found a runed translucent door.
 83027 | Elf:2    | Acquired 1090 gold pieces
 83645 | Elf:2    | Lost mutation: You have sharp toenails. [potion of
                  | mutation]
 83645 | Elf:2    | Lost mutation: Your body sometimes deteriorates upon taking
                  | damage. [potion of mutation]
 83645 | Elf:2    | Gained mutation: You are frail. (-10% HP) [potion of
                  | mutation]
 83645 | Elf:2    | Gained mutation: You have sharp toenails. [potion of
                  | mutation]
 83646 | Elf:2    | Lost mutation: You are frail. (-10% HP) [potion of
                  | mutation]
 83646 | Elf:2    | Lost mutation: You have sharp toenails. [potion of
                  | mutation]
 83646 | Elf:2    | Gained mutation: You expend magic power (3 MP) to
                  | strengthen your wands. [potion of mutation]
 83646 | Elf:2    | Gained mutation: Your muscles are strong. (Str +2) [potion
                  | of mutation]
 84321 | Elf:3    | Entered Level 3 of the Elven Halls
 84324 | Elf:3    | Found a magical portal.
 84331 | WizLab   | Entered Cigotuvi's Fleshworks
 84521 | WizLab   | Paralysed by a floating eye for 2 turns
 84574 | WizLab   | Identified the ring "Kihihame" {EV+4 Str-4 Int+8}
 85033 | WizLab   | Identified Cigotuvi's Grimoire of Transformation and Evil
                  | Rites
 85036 | WizLab   | Identified the Guide on Transmigration
 85862 | Elf:3    | Identified the +9 dagger "Gejaj" {antimagic, +Blink}
 86057 | Elf:3    | Found the +8 lance "Wyrmbane" {slay drac, rPois rF+ rC+
                  | AC+3}
 86091 | Elf:3    | Got a vibrating lead ring
 86093 | Elf:3    | Identified the ring "Utsa" {Wiz rPois rC- rN+ Stlth+} (You
                  | found it on level 3 of the Elven Halls)
 86110 | Elf:3    | Identified the +2 robe of Intuition {Stlth+} (You found it
                  | on level 3 of the Elven Halls)
 86157 | Elf:3    | Identified Poatin's Handbook of Earthen Ice
 86168 | Elf:3    | Got a transparent diamond amulet
 86169 | Elf:3    | Identified the amulet of Vympuiv {+Fly rElec rF+ Regen+
                  | Slay-5} (You found it on level 3 of the Elven Halls)
 86174 | Elf:3    | Identified the cursed +1 flail of Compound Interest
                  | {distort, Str+4} (You found it on level 3 of the Elven
                  | Halls)
 86623 | Elf:3    | Found Yfian's General Store.
 87006 | Lair:1   | Learned a level 3 spell: Ozocubu's Armour
 87012 | Lair:1   | Learned a level 4 spell: Passage of Golubria
 87173 | Hell     | Killed Geryon
 87192 | Hell     | Noticed Murray
 87194 | Hell     | Killed Murray
 87321 | Hell     | Found a gateway to the ashen valley of Gehenna.
 87580 | Hell     | Found a gateway to the freezing wastes of Cocytus.
 87792 | Hell     | Found a gateway to the Iron City of Dis.
 87854 | Hell     | Found a gateway to the decaying netherworld of Tartarus.
 87862 | Tar:1    | Entered Level 1 of Tartarus
 87934 | Dis:1    | Entered Level 1 of the Iron City of Dis
 88506 | Dis:3    | You are sucked into a shaft and drop 2 floors!
 88954 | Dis:7    | Entered Level 7 of the Iron City of Dis
 88991 | Dis:7    | Gained mutation: You are dopey. (Int -2) [a cacodemon]
 89007 | Dis:7    | Cast into level 2 of the Abyss (hell knight)
 89283 | Abyss:2  | Noticed an ancient lich
 89285 | Abyss:2  | Killed an ancient lich
 89317 | Dis:7    | Escaped the Abyss
 89824 | Dis:7    | Reached skill level 27 in Spellcasting
 90449 | Dis:7    | Identified the +4 staff of Dispater
 90449 | Dis:7    | Identified the ring "Koanatev" {*Corrode rPois EV+4 Str+4}
 90449 | Dis:7    | Noticed Dispater
 90453 | Dis:7    | Killed Dispater
 90468 | Dis:7    | Got a sparkling graven amulet
 90469 | Dis:7    | Identified the amulet "Mutanex" {Reflect rN+ Str+2 SH+5}
                  | (You found it on level 7 of the Iron City of Dis)
 90480 | Dis:7    | Got an iron rune of Zot
 90597 | Geh:1    | Entered Level 1 of Gehenna
 91022 | Geh:7    | Entered Level 7 of Gehenna
 91370 | Geh:7    | Identified the +7 sceptre of Asmodeus
 91370 | Geh:7    | Noticed Asmodeus
 91399 | Geh:7    | Killed Asmodeus
 91525 | Geh:7    | Got an obsidian rune of Zot
 92242 | Tar:4    | You are sucked into a shaft and drop 2 floors!
 92394 | Tar:6    | Learned a level 8 spell: Ignition
 92525 | Tar:6    | Reached skill level 15 in Armour
 92526 | Tar:6    | Noticed an ancient lich
 92531 | Tar:6    | Reached skill level 15 in Fighting
 92534 | Tar:6    | Killed an ancient lich
 92679 | Tar:7    | Entered Level 7 of Tartarus
 93033 | Tar:7    | Reached skill level 10 in Fire Magic
 93057 | Tar:7    | Found the +3 Elemental Staff {rElec rF++ rC++ MR++ AC+5}
 93139 | Tar:7    | Got a sparkling pewter ring
 93140 | Tar:7    | Identified the ring of Afeyklaryb {Wiz rElec} (You found it
                  | on level 7 of Tartarus)
 93154 | Tar:7    | Identified the +3 kite shield of Imperfection {Regen+ rCorr
                  | Int+2} (You found it on level 7 of Tartarus)
 93232 | Tar:7    | Noticed Ereshkigal
 93251 | Tar:7    | Paralysed by Ereshkigal for 5 turns
 93299 | Tar:7    | Killed Ereshkigal
 93463 | Tar:7    | Got a bone rune of Zot
 93539 | Tar:7    | Identified Xeosat's Collected Works on Shape Shifting and
                  | the Escort
 93644 | Coc:1    | Entered Level 1 of Cocytus
 94006 | Coc:7    | Entered Level 7 of Cocytus
 94081 | Coc:7    | Reached skill level 15 in Fire Magic
 94095 | Coc:7    | Noticed Antaeus
 94113 | Coc:7    | Killed Antaeus
 94296 | Coc:7    | Got an icy rune of Zot
 94336 | Coc:7    | Identified the +7 morningstar "Kucuov" {venom, Dex+4} (You
                  | found it on level 7 of Cocytus)
 94338 | Coc:7    | Got a twitching lead ring
 94339 | Coc:7    | Identified the ring "Lutaz" {Dex+7 Stlth+} (You found it on
                  | level 7 of Cocytus)
 94989 | Tar:7    | Identified the +6 fire dragon scales of the Distant Future
                  | {rF++ rC- MR+} (You found it on level 7 of Tartarus)
 95218 | Pan      | Entered Pandemonium
 95262 | Pan      | Noticed Afavofi the pandemonium lord
 95268 | Pan      | Killed Afavofi the pandemonium lord
 95302 | Pan      | Reached skill level 27 in Ice Magic
 95711 | Pan      | Found an exit through the horrors of the Abyss.
 95869 | Pan      | Noticed Fug Toff the pandemonium lord
 95874 | Pan      | Killed Fug Toff the pandemonium lord
 95906 | Pan      | Noticed Madd the pandemonium lord
 95912 | Pan      | Killed Madd the pandemonium lord
 97060 | Pan      | Found a glowing silver altar of Zin.
 97220 | Pan      | Identified the ring of Wogaryt {rElec rPois MR++ Str-2
                  | Int+6}
 97319 | Pan      | Noticed a seraph
 97322 | Pan      | Killed a seraph
 97347 | Pan      | Found a glowing golden altar of the Shining One.
 97363 | Pan      | Got a demonic rune of Zot
 97794 | Pan      | Identified the +8 tower shield "Hetent" {rC+ Int-4 SInv}
 98081 | Pan      | Found a white marble altar of Elyvilon.
 98523 | Pan      | Identified the +2 tower shield of Axkeqa Dyfu {Int+5 Dex-5}
 98777 | Pan      | Noticed Huifoga the pandemonium lord
 98780 | Pan      | Killed Huifoga the pandemonium lord
 98833 | Pan      | Acquired a manual of Evocations
 98834 | Pan      | Noticed Uwewiepp the pandemonium lord
 98838 | Pan      | Killed Uwewiepp the pandemonium lord
 98850 | Pan      | Gained mutation: Scrolls take you a little longer to read.
                  | [a cacodemon]
 98857 | Pan      | Entered the realm of Gloorx Vloq.
 98888 | Pan      | Noticed Gloorx Vloq
 98893 | Pan      | Killed Gloorx Vloq
 98911 | Pan      | Got a dark rune of Zot
 98967 | Pan      | Entered the realm of Lom Lobon.
 98967 | Pan      | Noticed Lom Lobon
 98968 | Pan      | Killed Lom Lobon
 99027 | Pan      | Got a magical rune of Zot
 99292 | Pan      | Identified the +6 scimitar of Xixey {flame, rPois rF+ MR-
                  | Dex+3} (You found it in Pandemonium)
 99435 | Pan      | Noticed Vigyac the pandemonium lord
 99440 | Pan      | Killed Vigyac the pandemonium lord
 99676 | Pan      | Lost mutation: You expend magic power (3 MP) to strengthen
                  | your wands. [potion of mutation]
 99676 | Pan      | Lost mutation: Your muscles are strong. (Str +2) [potion of
                  | mutation]
 99676 | Pan      | Gained mutation: Your flesh is heat resistant. (rF+)
                  | [potion of mutation]
 99676 | Pan      | Gained mutation: You are partially covered in yellow
                  | scales. (AC +2) [potion of mutation]
 99677 | Pan      | Lost mutation: Your flesh is heat resistant. (rF+) [potion
                  | of mutation]
 99677 | Pan      | Lost mutation: You are dopey. (Int -2) [potion of mutation]
 99677 | Pan      | Gained mutation: You are weak. (Str -2) [potion of
                  | mutation]
 99677 | Pan      | Gained mutation: You are resistant to hostile enchantments.
                  | (MR+) [potion of mutation]
 99677 | Pan      | Gained mutation: You are partially covered in thin metallic
                  | scales. (AC +2) [potion of mutation]
 99678 | Pan      | Lost mutation: Scrolls take you a little longer to read.
                  | [potion of mutation]
 99678 | Pan      | Lost mutation: You are weak. (Str -2) [potion of mutation]
 99678 | Pan      | Lost mutation: You are resistant to hostile enchantments.
                  | (MR+) [potion of mutation]
 99678 | Pan      | Gained mutation: You are clumsy. (Dex -2) [potion of
                  | mutation]
 99678 | Pan      | Gained mutation: You have large cloven feet. [potion of
                  | mutation]
 99678 | Pan      | Gained mutation: You have supernaturally acute eyesight.
                  | (SInv) [potion of mutation]
 99678 | Pan      | Gained mutation: You possess an exceptional clarity of
                  | mind. [potion of mutation]
 99824 | Pan      | Identified the cursed +0 pair of boots "Egobruam" {rN+
                  | Regen+ rCorr Int+3} (You found it in Pandemonium)
 99846 | Pan      | Entered the realm of Mnoleg.
100019 | Pan      | Noticed Mnoleg
100020 | Pan      | Killed Mnoleg
100045 | Pan      | Learned a level 1 spell: Apportation
100046 | Pan      | Got a glowing rune of Zot
100157 | Pan      | Identified the cursed +0 ring mail of Subjectivity {rPois
                  | Int+3 Dex-3} (You found it in Pandemonium)
100353 | Pan      | Entered the realm of Cerebov.
100365 | Pan      | Identified the +6 sword of Cerebov {flame}
100365 | Pan      | Noticed Cerebov
100367 | Pan      | Killed Cerebov
100387 | Pan      | Got a fiery rune of Zot
100427 | Pan      | Identified the +5 rapier of Veitik {vamp, *Contam Int+2
                  | Dex+3} (You found it in Pandemonium)
100443 | Pan      | Identified the +1 chain mail "Deucraoc" {rPois} (You found
                  | it in Pandemonium)
100484 | Pan      | Got a flickering wooden ring
100486 | Pan      | Identified the Reference Book on Battle Magic
100493 | Pan      | Got an ichor-stained leather armour
100522 | Pan      | Identified the Compendium of Floating Ignition
100580 | Pan      | Found an exit through the horrors of the Abyss.
100590 | Pan      | Took an exit into the Abyss.
100590 | Abyss:1  | Escaped into the Abyss
101036 | Abyss:4  | Paralysed by accursed screaming for 1 turns
101108 | Abyss:4  | Found a corrupted altar of Lugonu.
101129 | Abyss:4  | Got an abyssal rune of Zot
101138 | Depths:3 | Escaped the Abyss
101214 | Zot:1    | Entered Level 1 of the Realm of Zot
101214 | Zot:1    | Noticed a juggernaut
101217 | Zot:1    | Killed a juggernaut
101424 | Zot:1    | Identified the ring of the Special Seers {rN+ AC+4 Str+4}
                  | (You found it in Pandemonium)
102005 | Zot:2    | Noticed an orb of fire
102007 | Zot:2    | Killed an orb of fire
102860 | Zot:3    | Noticed an orb of fire
102863 | Zot:3    | Killed an orb of fire
103153 | Zot:3    | Noticed an orb of fire
103156 | Zot:3    | Killed an orb of fire
104556 | Zot:5    | Entered Level 5 of the Realm of Zot
105000 | Zot:5    | Noticed an ancient lich
105002 | Zot:5    | Killed an ancient lich
105144 | Zot:5    | Noticed an ancient lich
105146 | Zot:5    | Killed an ancient lich
105164 | Zot:5    | Noticed an orb of fire
105167 | Zot:5    | Killed an orb of fire
105168 | Zot:5    | Noticed an orb of fire
105171 | Zot:5    | Killed an orb of fire
105897 | Zot:5    | Got the Orb of Zot
106125 | D:15     | Noticed Lipairchei the pandemonium lord
106127 | D:15     | Killed Lipairchei the pandemonium lord
106130 | D:15     | Noticed Koidghimu the pandemonium lord
106131 | D:15     | Killed Koidghimu the pandemonium lord
106197 | D:15     | Noticed Fullixy the pandemonium lord
106200 | D:15     | Killed Fullixy the pandemonium lord
106449 | D:2      | Reached skill level 27 in Fighting
106449 | D:2      | Reached skill level 27 in Armour
106477 | D:$      | Escaped with the Orb!

Illustrated notes

Levels and vault maps discovered:
D:1:      dpeg_arrival_rooms_b, layout_rooms
D:2:      layout_rooms
D:3:      layout_loops_corners, chequers_ecumenical_altar_twisty,
          kennysheep_generic_room_15
D:4:      layout_basic, ashenzari_altar_1, grunt_decor_mini_mirrors
D:5:      layout_cave_pools, lemuel_doored_altar,
          minmay_temple_entry_sparse_star
D:6:      layout_loops_ring, kennysheep_slug_shrine,
          minmay_misc_feat_secret_circle, uniq_sigmund, uniq_blork_the_orc
D:7:      layout_rooms, serial_shops, nicolae_shop_stone
D:8:      layout_loops_ring, minmay_manual_mares, uniq_psyche, uniq_grum
D:9:      layout_loops_cross, marbit_many_paths,
          nicolae_qazlal_style_of_elements, erik_orc_1
D:10:     layout_roguey, lair_entry_dummy, serial_shops, shop_statue,
          chequers_guarded_unrand_ignorance, uniq_harold
D:11:     layout_rooms, basic_altar, david_defended_altar_elf, uniq_maurice,
          uniq_gastronok, uniq_nergalle
D:12:     layout_cross, enter_trove_0, hangedman_decor_diamond_cutter,
          kennysheep_generic_room_4
D:13:     layout_basic, david_vaults_1, hangedman_glass_teeth
D:14:     layout_basic, chequers_serial_rivers_micro_d, basic_altar, uniq_rupert
D:15:     gammafunk_depths_entry_grave, layout_rooms,
          nicolae_dithmenos_through_a_glass_darkly
Temple:   minmay_crystal_spiral_temple
Lair:1:   layout_gridlike, hangedman_lair_generics_rect, grunt_megastairs_1,
          serial_bayou_shore_b, lemuel_fruit_fields
Lair:2:   layout_big_grid, minmay_swamp_entry_wisps, columned_hall_lemuel
Lair:3:   layout_chaotic_city, bobbens_dragon_lair_wall
Lair:4:   pond_and_an_island_with_a_cottage, layout_small_grid, dpeg_oklob_1,
          minmay_lair_oklob_chamber
Lair:5:   layout_roguey, slime_altar_1, minivault_23
Lair:6:   minmay_lair_end_enchanted_forest, layout_regular_city,
          minmay_lair_oklob_items
Swamp:1:  layout_basic_swamp, portal_ice_cave_entry_ugly_swarm,
          evilmike_swamp_ruin_house_5, swamp_pool1, uniq_nikola, uniq_donald
Swamp:2:  layout_basic_swamp, serial_swamp_ruin, evilmike_swamp_ruin_rubble_1,
          evilmike_swamp_ruin_house_4, swamp_pool4, nicolae_swamp_treefoil,
          infiniplex_staircase_pool, uniq_louise
Swamp:3:  layout_basic_swamp, nicolae_swamp_very_dense_foliage
Swamp:4:  swamp_fiery, layout_basic_swamp
Snake:1:  layout_misc_corridors, serial_shops, shop
Snake:2:  layout_chambers, uniq_vashnia
Snake:3:  layout_onion_interference, ebering_ghost_rock_garden
Snake:4:  minmay_snake_end_coiled, layout_cave_town, lightli_airlock, uniq_kirke
Slime:1:  layout_caves
Slime:2:  layout_caves
Slime:3:  layout_caves, nicolae_slime_phagocytosis
Slime:4:  layout_caves, cheibrodos_slime_lost_civilization_4
Slime:5
Orc:1:    layout_caves, uniq_jorgrun, uniq_snorg, uniq_fannar
Orc:2:    st_orc_elflike, layout_diamond_mine, uniq_azrael
Elf:1:    eino_elf_arrival_sip, layout_loops_cross, evilmike_minifort
Elf:2:    layout_geoelf_octagon
Elf:3:    minmay_elf_hall_four_x, layout_geoelf_castle, mu_enter_wizlab_3,
          serial_shops, nicolae_shop_trees
Vaults:1: hangedman_vaults_cutoff, v_misc_29, nicolae_vaults_ring_of_whatevers,
          v_alt_pattern_5, v_misc_11, vaults_room_grunt_arrival_ludios,
          layout_vaults_omnigrid
Vaults:2: dpeg_vaults_waves, ontoclasm_vaults_ring_small, v_misc_1,
          vaults_mumra_hexcomb, grunt_vaults_twisty, ontoclasm_vaults_gateway,
          vaults_room_ringed_pool, hangedman_vaults_impose,
          hangedman_vaults_nodes, nicolae_vaults_what_the_h,
          vaults_dpeg_encased_lava, v_misc_14, layout_vaults_maze_snakey,
          serial_shops, shop
Vaults:3: nicolae_vaults_halls_meeting, nicolae_vaults_arrows,
          minmay_crypt_entry_simple_round, ontoclasm_vaults_twist,
          nicolae_vaults_circle_grid_a, nicolae_vaults_little_squares_2,
          vaults_standard_mumra_lines, v_misc_29, nicolae_vaults_specimen_jars,
          nicolae_vaults_circle_grid_b, vaults_room_semicircle,
          vaults_dpeg_hooks, dpeg_vaults_monster_box, nicolae_vaults_gold_heap,
          layout_vaults_omnicross, serial_shops, shop_coins
Vaults:4: hangedman_vaults_capsules, hangedman_vaults_corner_blocks,
          nicolae_vaults_windows_and_doors_thing, serial_ice_b,
          hangedman_vaults_pinch, vaults_mumra_hex, ontoclasm_vaults_bender,
          nicolae_vaults_network_s, vaults_dpeg_diagonal, st_more_cells,
          v_misc_27, vaults_dpeg_cross, layout_vaults_chaotic_city
Vaults:5: uniq_frederick, uniq_sojobo
Crypt:1:  layout_regular_city, grunt_crypt_arrival_webbed
Crypt:2:  layout_misc_corridors, roderic_lattice_octagonal_star
Crypt:3:  evilmike_haunted_forest
Tomb:1:   uniq_jory
Tomb:2
Tomb:3
Depths:1: layout_cave_shapes, grunt_hell_entry_dis_old, kennysheep_minor_cross,
          hangedman_abyss_or_decor_slice, hangedman_abyss_or_decor_stagger,
          lemuel_flame_loot_1
Depths:2: evilmike_halls_of_destruction, layout_cave_shapes, enter_ziggurat_a,
          pan_entry, abyss_entry_small_statue_room, pf_hell_entry_tar_spiral,
          uniq_mara
Depths:3: grunt_bent_corner, layout_gridville, ebering_ghost_disaster_area,
          grunt_pan_entry_zigzag, abyss_entry, hell_entry,
          kennysheep_decorative_pillar, infiniplex_staircase_pillars_3b,
          uniq_bai_suzhen, uniq_margery
Depths:4: box_level_dp, hell_entry, abyss_entry
Depths:5: grunt_zot_entry_tricorne, layout_cave_pools, minmay_misc_feat_roman,
          hell_entry, hangedman_abyss_entry_splay,
          infiniplex_staircase_pool_lava
Hell
Dis:1:    layout_subdivisions
Dis:2:    layout_chaotic_city, lemuel_elevator
Dis:3:    layout_subdivisions
Dis:5:    layout_gridville, hangedman_dis_decor_blocks_talon
Dis:6:    layout_subdivisions, hangedman_dis_chains
Dis:7:    dis_hangedman
Geh:1:    layout_gehenna_lava_caves
Geh:2:    layout_gehenna_pools_box, nicolae_geh_amphitheater
Geh:3:    layout_gehenna_pools_box
Geh:4:    layout_gehenna_pools_box
Geh:5:    layout_gehenna_pools_box, hangedman_hellfire_club
Geh:6:    layout_gehenna_pools_triple
Geh:7:    evilmike_geh
Coc:1:    layout_cocytus_water_paths
Coc:2:    layout_cocytus_water_paths
Coc:3:    layout_cocytus_water_paths
Coc:4:    layout_cocytus_water_paths
Coc:5:    layout_cocytus_water_paths, lemuel_elevator
Coc:6:    layout_cocytus_water_paths
Coc:7:    coc_old
Tar:1:    regret_index_dithmenos_brocken_genspenst, layout_grid_maze,
          nicolae_tar_cuneiform_two
Tar:2:    layout_grid_maze
Tar:3:    layout_catacombs, grunt_megastairs_2
Tar:4:    layout_grid_maze
Tar:5:    layout_honeycomb, nicolae_tar_cuneiform_oil
Tar:6:    grunt_deathspiral_small, layout_cathedral_of_symmetry
Tar:7:    tar_mu [tar_mu_maze]
Zot:1:    ebering_greatest_show_in_zot, layout_basic
Zot:2:    kennysheep_blocky_hall, layout_gridlike
Zot:3:    layout_misc_corridors
Zot:4:    layout_cathedral_of_symmetry, grunt_megastairs_4
Zot:5:    layout_basic

Skill      XL: |  1  2  3  4  5  6  7  8  9 10 11 12 13 14 15 16 17 18 19 20 21 22 23 24 25 26 27 |
---------------+----------------------------------------------------------------------------------+-----
Conjurations   | 5 6 7 8 10 13 15 | 15.0
Spellcasting   | 3 4 5 6 8 10 11 12 14 15 16 17 18 19 20 21 27 | 27.0
Hexes          | 1 2 3 4 |  4.0
Translocations | 1 |  1.0
Shields        | 1 3 5 7 11 14 15 | 15.0
Earth Magic    | 2 4 6 7 8 11 15 17 20 22 24 25 26 27 | 27.0
Fighting       | 3 5 6 9 10 27 | 27.0
Armour         | 3 7 9 10 27 | 27.0
Transmutations | 3 |  3.0
Dodging        | 3 5 |  5.0
Evocations     | 5 6 9 11 13 15 23 | 23.0
Fire Magic     | 5 16 | 16.0
Staves         | 8 12 | 12.0
Ice Magic      | 8 27 | 27.0
Invocations    | 10 | 10.0
Stealth        | |  2.1

Action                   |  1- 3 |  4- 6 |  7- 9 | 10-12 | 13-15 | 16-18 | 19-21 | 22-24 | 25-27 || total
-------------------------+-------+-------+-------+-------+-------+-------+-------+-------+-------++-------
Melee: Short sword       |     1 |       |       |     8 |       |       |       |       |       ||     9
       Dagger            |       |       |       |    11 |       |       |       |       |       ||    11
       Staff             |       |       |       |       |   110 |   154 |    75 |     2 |  2712 ||  3053
       Lance             |       |       |       |       |       |       |       |       |    59 ||    59
 Cast: Magic Dart        |    52 |    40 |    12 |     1 |     1 |       |       |       |       ||   106
       Searing Ray       |     4 |    25 |    56 |   132 |   239 |    19 |     5 |       |       ||   480
       Fulminant Prism   |       |       |       |    19 |    39 |     6 |       |       |       ||    64
       Stone Arrow       |       |       |       |    50 |    34 |       |       |       |       ||    84
       Mephitic Cloud    |       |       |       |     2 |     7 |     1 |     1 |       |       ||    11
       Sandblast         |       |       |       |     2 |       |       |       |       |       ||     2
       Irradiate         |       |       |       |       |    13 |    44 |     9 |     5 |    10 ||    81
       Iron Shot         |       |       |       |       |    86 |   415 |   181 |    24 |    34 ||   740
       Bolt of Magma     |       |       |       |       |     5 |     8 |     8 |       |       ||    21
       Lee's Rapid Decon |       |       |       |       |       |    10 |     4 |     4 |     3 ||    21
       Shatter           |       |       |       |       |       |       |   187 |   221 |   952 ||  1360
       Lehudib's Crystal |       |       |       |       |       |       |       |       |    48 ||    48
       Ozocubu's Refrige |       |       |       |       |       |       |       |       |   123 ||   123
       Absolute Zero     |       |       |       |       |       |       |       |       |   289 ||   289
       Ignition          |       |       |       |       |       |       |       |       |    17 ||    17
       Swiftness         |       |       |       |       |       |       |       |       |     6 ||     6
       Ozocubu's Armour  |       |       |       |       |       |       |       |       |     2 ||     2
       Apportation       |       |       |       |       |       |       |       |       |     1 ||     1
 Abil: Fly               |       |       |       |       |       |     1 |       |       |       ||     1
Evoke: Wand              |       |       |       |     3 |     8 |     3 |       |     1 |     4 ||    19
       Condenser vane    |       |       |       |       |     1 |       |       |       |       ||     1
       Phial of floods   |       |       |       |       |       |     1 |       |     1 |       ||     2
  Use: Scroll            |     1 |     5 |     4 |    12 |     9 |    13 |     6 |     8 |    70 ||   128
       Potion            |       |       |       |       |       |       |     1 |       |    15 ||    16
 Stab: Confused          |       |       |       |       |       |     1 |       |       |       ||     1
Armor: Robe              |       |     4 |    19 |    41 |       |       |       |       |       ||    64
       Scale mail        |       |       |       |    47 |   277 |   341 |    59 |       |       ||   724
       Ring mail         |       |       |       |     3 |       |       |    81 |    53 |  1464 ||  1601
       Fire dragon scale |       |       |       |       |       |       |       |       |     5 ||     5
Dodge: Dodged            |     3 |    12 |    19 |    83 |   151 |   160 |    99 |    34 |   840 ||  1401
Block: Kite shield       |       |       |    30 |   123 |   302 |   475 |   190 |    58 |  2025 ||  3203

Table legend: (Time is in decaauts)
 A = Elapsed time spent in this place.
 B = Non-inter-level travel time spent in this place.
 C = Inter-level travel time spent in this place.
 D = Time resting spent in this place.
 E = Time spent auto-exploring this place.
 F = Levels seen in this place.
 G = Mean time per level.
                   A        B        C        D        E       F      G
               +--------+--------+--------+--------+--------+-----+--------+
         Total | 105769 |  98572 |   7197 |  19713 |  59559 | 117 |  904.0 |
       Dungeon |  21289 |  18308 |   2981 |   2819 |  12964 |  15 | 1419.3 |
        Temple |    174 |     88 |     86 |      0 |     79 |   1 |  174.0 |
          Lair |   9155 |   8208 |    947 |    441 |   6455 |   6 | 1525.8 |
         Swamp |   5736 |   5501 |    235 |    935 |   3846 |   4 | 1434.0 |
     Snake Pit |  12530 |  12266 |    264 |   4054 |   6638 |   4 | 3132.5 |
    Slime Pits |   1706 |   1630 |     76 |   1050 |    298 |   5 |  341.2 |
  Orcish Mines |   1539 |   1414 |    125 |    143 |    984 |   2 |  769.5 |
   Elven Halls |   3352 |   3216 |    136 |      0 |   2601 |   3 | 1117.3 |
        Vaults |  12013 |  11370 |    643 |   3261 |   6611 |   5 | 2402.6 |
         Crypt |   3561 |   3389 |    172 |     27 |   2688 |   3 | 1187.0 |
          Tomb |   3640 |   3463 |    177 |    829 |   1930 |   3 | 1213.3 |
        Depths |  11206 |  10434 |    772 |   3557 |   5526 |   5 | 2241.2 |
          Hell |    969 |    771 |    198 |     71 |    581 |   1 |  969.0 |
           Dis |   2247 |   2167 |     80 |    433 |    954 |   6 |  374.5 |
       Gehenna |    886 |    886 |      0 |    157 |      4 |   7 |  126.6 |
       Cocytus |    677 |    677 |      0 |      7 |     28 |   7 |   96.7 |
      Tartarus |   2359 |   2185 |    174 |    163 |    676 |   7 |  337.0 |
           Zot |   4779 |   4651 |    128 |    658 |   3356 |   5 |  955.8 |
         Abyss |    814 |    814 |      0 |     10 |     96 |   5 |  162.8 |
   Pandemonium |   5207 |   5207 |      0 |    758 |   2237 |  20 |  260.4 |
         Trove |     28 |     28 |      0 |      0 |      2 |   1 |   28.0 |
      Ice Cave |    932 |    932 |      0 |    290 |    380 |   1 |  932.0 |
        Wizlab |    959 |    959 |      0 |     48 |    625 |   1 |  959.0 |
               +--------+--------+--------+--------+--------+-----+--------+

Top non-repeatable levels by time:
 Snake:3: 4382 daAuts
 Snake:4: 3638 daAuts
Vaults:3: 3460 daAuts
Vaults:4: 3111 daAuts
Depths:3: 3073 daAuts
Depths:2: 2979 daAuts
    D:13: 2966 daAuts
Depths:4: 2503 daAuts
 Snake:1: 2416 daAuts
  Tomb:1: 2343 daAuts
    D:10: 2168 daAuts
 Snake:2: 2093 daAuts
 Crypt:3: 1923 daAuts
  Lair:6: 1898 daAuts
Vaults:1: 1896 daAuts
